 Dungeon Crawl Stone Soup version 0.32-a0-918-g0f22ef8d61 (webtiles) character file.

Game seed: 8744286890960947723

344 Hubris850 the Ducker (level 6, -7/48 HPs)
             Began as a Coglin Gladiator on Apr 10, 2024.
             Was a Follower of Makhleb.
             Killed from afar by ShinQuickMan's ghost (10 damage)
             ... on level 3 of the Dungeon.
             The game lasted 00:05:42 (1916 turns).

Hubris850 the Ducker (Coglin Gladiator)             Turns: 1916, Time: 00:05:42

Health: -7/48      AC:  4    Str: 14    XL:     6   Next: 58%
Magic:  6/6        EV: 12    Int: 10    God:    Makhleb [*.....]
Gold:   174        SH:  0    Dex: 15    Spells: 5/5 levels left

rFire   . . .        a - +0 war axe {Ari}
rCold   . . .        f - +0 dagger {Apolônia}
rNeg    . . .        b - +0 leather armour
rPois   .            c - +0 helmet
rElec   .            (no cloak)
rCorr   .            (no gloves)
SInv    .            (no boots)
Will    .....        (amulet unavailable)
Stlth   +            (ring unavailable)
HPRegen 0.28/turn    (ring unavailable)
MPRegen 0.10/turn    (no gizmo)

%: no passive effects
@: revved
A: off-hand wielding, slow wielding, warmup strikes, no jewellery
a: Invent Gizmo, Renounce Religion


You were on level 3 of the Dungeon.
You worshipped Makhleb.
Makhleb was aware of your devotion.
You visited 1 branch of the dungeon, and saw 3 of its levels.

You collected 174 gold pieces.

Inventory:

Hand Weapons
 a - a +0 war axe (weapon) {Ari}
 f - a +0 dagger (offhand) {Apolônia}
 n - a +0 sling
Missiles
 d - 3 throwing nets
 e - a javelin
 j - 2 poisoned darts (quivered)
 o - 6 atropa-tipped darts
Armour
 b - a +0 leather armour (worn)
 c - a +0 helmet (worn)
Scrolls
 i - a scroll of fear
Potions
 g - a potion of ambrosia
 h - a potion of curing {unknown}
 k - 3 potions of heal wounds
 l - 2 potions of attraction {unknown}
 m - a potion of brilliance {unknown}


   Skills:
 + Level 4.2 Fighting
 - Level 3.0 Axes
 - Level 1.7 Throwing
 + Level 3.1 Armour
 + Level 4.3 Dodging


You had 5 spell levels left.
You didn't know any spells.
Your spell library was empty.

Dungeon Overview and Level Annotations

Branches:
Dungeon (3/15)

Altars:
Makhleb

Shops:
D:1 [

Annotations:
D:3 ShinQuickMan's ghost, amateur HuCj


Innate Abilities, Weirdness & Mutations

You can wield a second weapon in your off-hand.
It takes a long time for you to wield or remove held weapons.
Your first few attacks do less damage.
You cannot equip rings or amulets.


Message History

You hit ShinQuickMan's ghost with your +0 dagger.
ShinQuickMan's ghost is moderately damaged.
You barely miss ShinQuickMan's ghost with your +0 war axe.
The searing ray hits you!
You barely miss ShinQuickMan's ghost with your +0 war axe.
ShinQuickMan's ghost is moderately damaged.
You closely miss ShinQuickMan's ghost with your +0 dagger.
The searing ray hits you.
You hit ShinQuickMan's ghost with your +0 war axe.
ShinQuickMan's ghost is moderately damaged.
You hit ShinQuickMan's ghost but do no damage.
The searing ray hits you.
ShinQuickMan's ghost finishes channelling their searing ray.
You slash ShinQuickMan's ghost with your +0 war axe!
ShinQuickMan's ghost is heavily damaged.
You barely miss ShinQuickMan's ghost with your +0 dagger.
ShinQuickMan's ghost hits you but does no damage.
You hit ShinQuickMan's ghost but do no damage.
ShinQuickMan's ghost is heavily damaged.
You closely miss ShinQuickMan's ghost with your +0 war axe.
ShinQuickMan's ghost casts a spell at you.
The magic dart hits you.
ShinQuickMan's ghost casts a spell at you.
The magic dart hits you.
You barely miss ShinQuickMan's ghost with your +0 dagger.
ShinQuickMan's ghost is heavily damaged.
You hit ShinQuickMan's ghost with your +0 war axe.
ShinQuickMan's ghost hits you.
* * * LOW HITPOINT WARNING * * *
You barely miss ShinQuickMan's ghost with your +0 dagger.
ShinQuickMan's ghost is severely damaged.
You hit ShinQuickMan's ghost with your +0 war axe.
ShinQuickMan's ghost gestures at you while chanting.
The searing ray hits you!
* * * LOW HITPOINT WARNING * * *
You hit ShinQuickMan's ghost but do no damage.
ShinQuickMan's ghost is severely damaged.
You hit ShinQuickMan's ghost but do no damage.
The searing ray hits you!
You die...

#.##..............#
#.##........##.##.#
#.##..............#
#.##..............#
#.##........##.##.#
#.##........##.##.#
...............# .#
#.#..##.#.#.#..##.#
........#.#....W@.#
..........>....######
.##.).....###...#...#
................W.?}#
....###)........#.$.###
.#### #.#############.#
## .# #.# #.##.# .. .#
##.## #.##.####.# .#
#...# ##.......#>#


You could see ShinQuickMan's ghost.

Vanquished Creatures
  A centaur (D:3)
  A hound (D:3)
  2 orc priests (D:3)
  Natasha (D:2)
  An orc wizard (D:3)
  An adder (D:2)
  2 dart slugs (D:1)
  2 ribbon worms (D:2)
  7 orcs (D:3)
  6 endoplasms
  2 giant cockroaches (D:1)
  4 goblins
  6 hobgoblins
  13 jackals
  4 kobolds
  3 quokkas
  5 ball pythons
  3 bats
  5 rats
69 creatures vanquished.

Vanquished Creatures (collateral kills)
  A jackal (D:2)
1 creature vanquished.

Vanquished Creatures (others)
  Jessica (D:2)
1 creature vanquished.

Grand Total: 71 creatures vanquished

Notes
Turn   | Place    | Note
-------+----------+-------------------------------------------
     0 | D:1      | Hubris850 the Coglin Gladiator began the quest for the Orb.
     0 | D:1      | Reached XP level 1. HP: 16/16 MP: 1/1
    46 | D:1      | Found Paoken's Antique Armour Shop.
    86 | D:1      | Reached XP level 2. HP: 22/22 MP: 2/2
   255 | D:1      | Reached skill level 1 in Armour
   308 | D:1      | Found a faded altar of an unknown god.
   392 | D:2      | Noticed Jessica
   402 | D:2      | Reached XP level 3. HP: 3/28 MP: 3/3
   404 | D:2      | Killed Jessica
   517 | D:2      | Reached XP level 4. HP: 30/34 MP: 4/4
  1090 | D:2      | Noticed Natasha
  1095 | D:2      | Killed Natasha
  1096 | D:2      | Reached XP level 5. HP: 41/41 MP: 5/5
  1251 | D:3      | Found a burning altar of Makhleb.
  1310 | D:3      | Became a worshipper of Makhleb the Destroyer
  1411 | D:3      | Reached XP level 6. HP: 13/48 MP: 6/6
  1758 | D:3      | Reached * piety under Makhleb
  1896 | D:3      | Found a runed translucent door.
  1897 | D:3      | Noticed ShinQuickMan's ghost (amateur HuCj)
  1915 | D:3      | HP: 2/48 [ShinQuickMan's ghost/searing ray (11)]
  1916 | D:3      | Killed from afar by ShinQuickMan's ghost

Illustrated notes

Levels and vault maps discovered:
D:1:      lightli_arrival_boilingwater, layout_basic, serial_shops,
          nicolae_shop_hallway_stairs, shapermc_ecumenical_altar_starsandcircs,
          kennysheep_pointless_box
D:2:      layout_basic, uniq_natasha, uniq_jessica
D:3:      layout_loops_cross, lightli_temple_of_fire, ebering_ghost_inner_flame,
          due_unseen_surprise

Skill      XL: |  1  2  3  4  5  6 |
---------------+-------------------+-----
Dodging        | 3 4 |  4.3
Armour         | 1 2 3 |  3.1
Fighting       | 3 4 |  4.2
Axes           | |  3.0
Throwing       | |  1.7

Action                     |  1- 3 |  4- 6 || total
---------------------------+-------+-------++-------
  Melee: War axe           |    38 |   110 ||   148
         Dagger            |    29 |   102 ||   131
  Throw: Throwing net      |     1 |       ||     1
         Dart              |       |     3 ||     3
    Use: Scroll            |     2 |     4 ||     6
         Potion            |       |     1 ||     1
   Stab: Sleeping          |     1 |     1 ||     2
         Held in net/web   |     1 |       ||     1
 Armour: Leather armour    |    26 |    89 ||   115
  Dodge: Dodged            |    39 |    89 ||   128

Table legend: (Time is in decaauts)
 A = Elapsed time spent in this place.
 B = Non-inter-level travel time spent in this place.
 C = Inter-level travel time spent in this place.
 D = Time resting spent in this place.
 E = Time spent auto-exploring this place.
 F = Levels seen in this place.
 G = Mean time per level.
                   A        B        C        D        E       F      G
               +--------+--------+--------+--------+--------+-----+--------+
         Total |   1950 |   1920 |     30 |    214 |   1211 |   3 |  650.0 |
       Dungeon |   1950 |   1920 |     30 |    214 |   1211 |   3 |  650.0 |
               +--------+--------+--------+--------+--------+-----+--------+

Top non-repeatable levels by time:
     D:3: 797 daAuts
     D:2: 668 daAuts
     D:1: 485 daAuts
